 Dungeon Crawl Stone Soup version 0.31-a0-149-g3fdcc5976a (webtiles) character file.

Game seed: 12985017943030991638

44 qw the Shooter (level 3, 23/31 HPs)
             Began as a Minotaur Hunter on June 7, 2023.
             Quit the game on level 2 of the Dungeon.
             The game lasted 00:04:35 (1252 turns).

qw the Shooter (Minotaur Hunter)                    Turns: 1252, Time: 00:04:36

Health: 23/31      AC:  6    Str: 15    XL:     3   Next: 41%
Magic:  0/2        EV: 19    Int:  6    God:
Gold:   40         SH:  0    Dex: 15    Spells: 2/2 levels left

rFire   + + .        Y - melded +0 shortbow
rCold   + + .        (shield currently unavailable)
rNeg    + + +        h - melded +0 ring mail
rPois   inf          (helmet currently unavailable)
rElec   +            k - melded +1 cloak
rCorr   +            (gloves currently unavailable)
SInv    .            (boots currently unavailable)
Will    .....        (amulet currently unavailable)
Stlth   ++           (ring currently unavailable)
HPRegen 0.25/turn    (ring currently unavailable)
MPRegen 0.08/turn

%: no passive effects
@: wisp-form, flying
A: insubstantial, flying, no casting, tiny, (horns 2), (retaliatory headbutt)
a: no special abilities


You were on level 2 of the Dungeon.
You were an insubstantial wisp.
You visited 1 branch of the dungeon, and saw 2 of its levels.

You collected 40 gold pieces.


Innate Abilities, Weirdness & Mutations

You are an insubstantial wisp.
Your tiny insubstantial body is highly resistant to most damage types.
You are flying.
Your equipment is entirely melded.
You are incapable of wielding weapons or throwing items.
You cannot cast spells.
((You have a pair of horns on your head.))
((You reflexively headbutt those who attack you in melee.))


   Skills:
 - Level 3.0 Fighting
 + Level 5.4 Ranged Weapons
 - Level 1.0 Armour
 - Level 2.1 Dodging
 - Level 0.7 Stealth


You had 2 spell levels left.
You didn't know any spells.
Your spell library was empty.

Inventory:

Hand Weapons
 Y - a +0 shortbow (melded)
Armour
 b - the +3 hat of Pondering {ponderous, Will+ MP+10 Int+5}
   (You found it on level 2 of the Dungeon)

   Int:       It affects your intelligence (+5).
   MP:        It affects your magic capacity (+10).
   Will:      It increases your willpower.
 h - a +0 ring mail (melded)
 k - a +1 cloak (melded)
Jewellery
 a - a ring of resist corrosion
Potions
 c - a potion of curing {unknown}
 j - a potion of ambrosia {unknown}

Dungeon Overview and Level Annotations

Branches:
Dungeon (2/15)

Altars:

Annotations:
D:2 Sigmund


Message History

1252 ||| Ran try_recite: false;
1252 ||| Ran emergency: false
1252 ||| Ran starting_spell: false;
1252 ||| Ran poison_spit: false
1252 ||| Ran launcher: false;
1252 ||| Ran melee: false
1252 ||| Ran throw: false
1252 ||| Ran launcher_wait_for_enemy: false
1252 ||| Ran melee_wait_for_enemy: false
1252 ||| Ran continue_move_towards_enemy: false
1252 ||| Ran move_towards_enemy: false
1252 ||| Ran flight_move_towards_enemy: false
1252 ||| Ran shoot_at_invis: false;
1252 ||| Ran flail_at_invis: false
1252 ||| Ran disturbance_random_step: false
1252 ||| Ran attack: false;
1252 ||| Ran cure_poison: false
1252 ||| Ran try_long_rest: false;
1252 ||| Ran rest_one_turn: false
1252 ||| Ran rest: false;
1252 ||| Ran ancestor_life: false
1252 ||| Ran sacrifice: false
1252 ||| Ran try_pickup_acquirement: false
1252 ||| Ran maybe_upgrade_armour: false
1252 ||| Ran maybe_upgrade_amulet: false
1252 ||| Ran maybe_upgrade_rings: false
1252 ||| Ran handle_acquirement_result: false
1252 ||| Ran bless_weapon: false;
1252 ||| Ran upgrade_weapon: false
1252 ||| Ran use_good_consumables: false
1252 ||| Ran unwield_weapon: false;
1252 ||| Ran pre_explore: false
1252 ||| Ran dive_pan: false
1252 ||| Ran try_dive_go_to_pan_downstairs: false
1252 ||| Ran take_escape_hatch: false
1252 ||| Ran try_go_to_escape_hatch: false
1252 ||| Ran move_towards_destination: false
1252 ||| Ran move_towards_abyssal_rune: false
1252 ||| Ran move_towards_runelight: false
1252 ||| Ran move_towards_safety: false;
1252 ||| Ran try_autoexplore: false
1252 ||| Ran explore: false;
1252 ||| Ran upgrade_armour: false
1252 ||| Ran upgrade_amulet: false
1252 ||| UPGRADING to ring of resist corrosion.
You can't wear jewellery in your present form.
1252 ||| Ran upgrade_rings: true;
1252 ||| Ran pre_explore2: nil > aYY Upgrade_rings failed despite returning true.
Options error: Missing colour in message_colour setting: 'then' Are you sure you want to abandon this character and quit the game? (Confirm with "yes".)

####+####
.......
..... ..@
#)# #v# #.#
#.# ......#
#.# ......#
#.######
......#
#......#
......#
######%#
......#
###'########
......#
#..........#


You could see Sigmund.

Vanquished Creatures
  A dart slug (D:1)
  4 bats
  2 endoplasms
  2 giant cockroaches (D:1)
  4 goblins
  7 hobgoblins
  4 jackals (D:1)
  2 kobolds
  4 ball pythons
  3 frilled lizards
  4 rats
37 creatures vanquished.

Notes
Turn   | Place    | Note
-------+----------+-------------------------------------------
     0 | D:1      | qw the Minotaur Hunter began the quest for the Orb.
     0 | D:1      | Reached XP level 1. HP: 18/18 MP: 0/0
     0 | D:1      | 0 ||| qw: Version: 0.2-a-117-gc6b5c8b
     0 | D:1      | 0 ||| qw: Game counter: 2665
     0 | D:1      | 0 ||| qw: Always use a shield: true
     0 | D:1      | 0 ||| qw: God list: Okawaru
     0 | D:1      | 0 ||| qw: Allow faded altars: false
     0 | D:1      | 0 ||| qw: Do Orc after D:15 true
     0 | D:1      | 0 ||| qw: Do second Lair branch before Depths: true
     0 | D:1      | 0 ||| qw: Lair rune preference: random
     0 | D:1      | 0 ||| qw: Plans: Normal
     0 | D:1      | 0 ||| PLANNING D:1-11
   203 | D:1      | 203 ||| FLEEEEING.
   214 | D:1      | Reached XP level 2. HP: 25/25 MP: 1/1
   309 | D:1      | Reached skill level 5 in Ranged Weapons
   377 | D:1      | Reached skill level 3 in Fighting
   903 | D:1      | Reached XP level 3. HP: 31/31 MP: 2/2
   929 | D:1      | 929 ||| UPGRADING to +0 ring mail.
   939 | D:1      | 939 ||| DROPPING +0 leather armour.
   940 | D:1      | 940 ||| UPGRADING to +0 cloak.
   945 | D:1      | 945 ||| READING scroll labelled YCAUDO MUZA.
   946 | D:1      | 946 ||| READING 2 scrolls labelled CEQEUZ SESI.
   947 | D:1      | 947 ||| READING 2 scrolls labelled ONYJOGECOWK.
   948 | D:1      | 948 ||| READING scroll of enchant armour.
   948 | D:1      | 948 ||| ENCHANTING +0 cloak.
   949 | D:1      | 949 ||| READING scroll labelled BAUQEE VUN VEAFO.
   950 | D:1      | 950 ||| READING scroll labelled WISEUHEDIMEH.
   951 | D:1      | 951 ||| DROPPING scroll of butterflies.
   952 | D:1      | 952 ||| DROPPING scroll of poison.
   954 | D:1      | 954 ||| Stepping ~*~*~tactically~*~*~ (cloud).
  1121 | D:2      | Reached skill level 1 in Armour
  1143 | D:2      | Found the +3 hat of Pondering {ponderous, Will+ MP+10
                  | Int+5}
  1248 | D:2      | Noticed Sigmund
  1251 | D:2      | 1251 ||| UPGRADING to ring of resist corrosion.
  1251 | D:2      | 1251 ||| READING scroll labelled ZAYPLABIUH.
  1252 | D:2      | 1252 ||| PLANNING D:1-11
  1252 | D:2      | 1252 ||| UPGRADING to ring of resist corrosion.
  1252 | D:2      | 1252 ||| PLANNING D:1-11
  1252 | D:2      | 1252 ||| PLANNING D:1-11
  1252 | D:2      | 1252 ||| UPGRADING to ring of resist corrosion.
  1252 | D:2      | Quit the game

Levels and vault maps discovered:
D:1:      heliophobic_arrival_henge, layout_basic, roderic_serpentine_path,
          moated_statue
D:2:      layout_basic, shapermc_ecumenical_altar_mp_vishouse, minivault_24,
          uniq_sigmund, uniq_robin

Skill      XL: |  1  2  3 |
---------------+----------+-----
Ranged Weapons | 5 |  5.4
Fighting       | 3 |  3.0
Armour         | 1 |  1.0
Dodging        | |  2.1
Stealth        | |  0.7

Action                     || total
---------------------------++-------
   Fire: Shortbow          ||    95
    Use: Scroll            ||     7
 Armour: Leather armour    ||     4
         Ring mail         ||     3
  Dodge: Dodged            ||    24

Table legend:
 A = Non-vault XP
 B = Vault XP
 C = Vault XP percentage of total XP
 D = Non-vault monster count
 E = Vault monster count
 F = Vault count percentage of total count
                 A         B        C        D         E       F
            +---------+---------+-------+---------+---------+-------
      Total |      64 |       0 |   0.0 |      37 |       0 |   0.0
            +---------+---------+-------+---------+---------+-------
        D:1 |      45 |       0 |   0.0 |      25 |       0 |   0.0
        D:2 |      19 |       0 |   0.0 |      12 |       0 |   0.0
            +---------+---------+-------+---------+---------+-------
